General information
- name: BNet
- type: Ladder team game (AT/RT)
- host: Battle.net
- saver: PermanentWig
map: Dragonblight
- players: 6
- length: 31:30
- speed: Fast
- version: 1.27 W3XP
- replay type:

» download(245 KB)
Players
team 1 (winner)
iggy_the_fisk (
yellow | 119 APM | 3721 actions | 31:22)
4 Archmage
2 Blizzard
2 Brilliance Aura
3 Blood Mage
2 Flame Strike
1 Siphon Mana
2 Pit Lord
1 Rain of Fire
1 Cleaving Attack
» actions
| Assign group hotkey | 220 | |
| Basic commands | 64 | |
| Build / train | 132 | |
| Enter build submenu | 125 | |
| Enter hero's abilities submenu | 9 | |
| Give item / drop item | 11 | |
| Right click | 1405 | |
| Select / deselect | 450 | |
| Select group hotkey | 988 | |
| Use ability | 317 | |
3721 total
» units
» upgrades
| Masonry | 3 | |
| Lumber Harvesting | 2 | |
| Magic Sentry | 1 | |
6 total
» buildings
| Altar of Kings | 1 | |
| Farm | 5 | |
| Lumber Mill | 1 | |
| Scout Tower | 167 | |
| Arcane Tower | 18 | |
| Guard Tower | 60 | |
| Keep | 1 | |
| Arcane Vault | 2 | |
| Castle | 1 | |
| Arcane Sanctum | 1 | |
| Town Hall | 2 | |
259 total
» build order
00:10 Altar of Kings
00:19 Farm
00:21 Lumber Mill
00:46 Scout Tower
00:51 Farm
01:14 Scout Tower
01:16 Arcane Tower
01:17 Scout Tower
01:43 Arcane Tower
01:45 Scout Tower
01:53 Scout Tower
01:54 Arcane Tower
01:55 Arcane Tower
01:55 Arcane Tower
01:59 Scout Tower
02:19 Scout Tower
02:20 Guard Tower
02:26 Scout Tower
02:27 Guard Tower
02:30 Scout Tower
02:42 Guard Tower
02:48 Scout Tower
02:55 Guard Tower
02:57 Scout Tower
03:10 Scout Tower
03:17 Guard Tower
03:22 Guard Tower
03:46 Scout Tower
03:46 Guard Tower
04:07 Scout Tower
04:19 Scout Tower
04:20 Keep
04:45 Scout Tower
04:46 Guard Tower
04:50 Scout Tower
04:52 Scout Tower
04:56 Scout Tower
04:57 Scout Tower
05:11 Scout Tower
05:12 Scout Tower
05:13 Scout Tower
05:13 Scout Tower
05:17 Guard Tower
05:24 Scout Tower
05:25 Guard Tower
05:46 Farm
06:02 Scout Tower
06:03 Scout Tower
06:03 Guard Tower
06:05 Guard Tower
06:07 Scout Tower
06:09 Arcane Vault
06:13 Guard Tower
06:14 Guard Tower
06:43 Castle
06:45 Arcane Sanctum
07:33 Town Hall
07:45 Guard Tower
07:47 Scout Tower
07:48 Scout Tower
07:56 Guard Tower
07:58 Scout Tower
07:59 Scout Tower
08:39 Scout Tower
08:39 Scout Tower
09:02 Guard Tower
09:04 Scout Tower
09:05 Scout Tower
09:11 Guard Tower
09:13 Scout Tower
09:14 Scout Tower
09:15 Scout Tower
09:20 Scout Tower
09:21 Scout Tower
10:02 Guard Tower
10:04 Scout Tower
10:10 Guard Tower
10:11 Guard Tower
10:13 Arcane Vault
11:08 Guard Tower
11:09 Scout Tower
11:30 Guard Tower
11:32 Scout Tower
11:35 Scout Tower
11:36 Scout Tower
11:36 Scout Tower
11:38 Scout Tower
11:38 Scout Tower
11:39 Scout Tower
11:51 Scout Tower
11:51 Scout Tower
11:52 Guard Tower
11:56 Scout Tower
11:58 Scout Tower
11:58 Scout Tower
12:02 Arcane Tower
12:03 Guard Tower
12:27 Guard Tower
12:29 Scout Tower
12:29 Scout Tower
12:30 Scout Tower
12:31 Arcane Tower
12:34 Arcane Tower
12:38 Arcane Tower
12:49 Guard Tower
12:53 Scout Tower
12:54 Scout Tower
13:02 Scout Tower
13:02 Scout Tower
13:03 Scout Tower
13:03 Scout Tower
13:10 Guard Tower
13:28 Guard Tower
13:31 Guard Tower
13:33 Scout Tower
13:34 Scout Tower
14:04 Guard Tower
14:07 Scout Tower
14:33 Arcane Tower
14:33 Guard Tower
14:35 Scout Tower
14:35 Scout Tower
14:36 Scout Tower
14:36 Scout Tower
14:38 Scout Tower
14:39 Scout Tower
14:40 Scout Tower
14:42 Scout Tower
14:42 Scout Tower
14:43 Scout Tower
14:43 Scout Tower
14:46 Scout Tower
14:47 Scout Tower
14:47 Scout Tower
14:48 Scout Tower
14:49 Scout Tower
14:51 Arcane Tower
14:57 Scout Tower
14:57 Scout Tower
14:58 Scout Tower
14:59 Guard Tower
15:01 Scout Tower
15:01 Scout Tower
15:03 Scout Tower
15:04 Scout Tower
15:32 Guard Tower
15:33 Scout Tower
15:34 Scout Tower
15:36 Scout Tower
15:57 Guard Tower
16:19 Guard Tower
16:40 Guard Tower
16:42 Scout Tower
16:43 Scout Tower
16:45 Scout Tower
16:45 Scout Tower
16:48 Arcane Tower
16:53 Scout Tower
16:54 Scout Tower
16:55 Scout Tower
16:56 Guard Tower
17:03 Scout Tower
17:09 Guard Tower
17:11 Scout Tower
17:12 Scout Tower
17:12 Scout Tower
17:13 Scout Tower
17:23 Guard Tower
17:28 Guard Tower
17:32 Arcane Tower
18:00 Guard Tower
18:03 Guard Tower
18:05 Scout Tower
18:05 Scout Tower
18:26 Scout Tower
18:28 Scout Tower
18:54 Scout Tower
18:55 Scout Tower
18:58 Scout Tower
18:59 Scout Tower
18:59 Scout Tower
19:13 Guard Tower
19:15 Scout Tower
19:15 Scout Tower
19:21 Farm
19:22 Farm
19:24 Guard Tower
19:33 Arcane Tower
19:36 Arcane Tower
19:40 Scout Tower
19:41 Scout Tower
19:41 Scout Tower
20:15 Guard Tower
20:20 Scout Tower
20:21 Scout Tower
20:33 Guard Tower
20:38 Scout Tower
20:39 Scout Tower
21:29 Guard Tower
21:33 Town Hall
21:35 Scout Tower
21:36 Scout Tower
21:37 Scout Tower
21:37 Scout Tower
21:38 Scout Tower
21:39 Scout Tower
21:41 Scout Tower
21:41 Scout Tower
21:42 Scout Tower
21:42 Scout Tower
21:43 Scout Tower
21:44 Scout Tower
21:45 Scout Tower
21:45 Scout Tower
21:46 Scout Tower
21:46 Scout Tower
21:47 Scout Tower
21:50 Scout Tower
21:51 Scout Tower
21:54 Scout Tower
21:55 Scout Tower
21:55 Scout Tower
21:56 Scout Tower
21:57 Scout Tower
21:57 Scout Tower
22:00 Scout Tower
22:00 Scout Tower
22:01 Scout Tower
22:02 Scout Tower
22:03 Scout Tower
22:04 Scout Tower
22:05 Arcane Tower
22:13 Scout Tower
22:13 Scout Tower
22:23 Guard Tower
22:53 Guard Tower
22:55 Guard Tower
23:01 Guard Tower
23:08 Guard Tower
23:12 Scout Tower
23:13 Scout Tower
23:14 Scout Tower
23:15 Scout Tower
23:15 Scout Tower
23:19 Guard Tower
23:21 Guard Tower
23:35 Scout Tower
23:36 Scout Tower
23:36 Scout Tower
23:37 Scout Tower
23:48 Guard Tower
24:09 Guard Tower
26:17 Guard Tower
26:56 Scout Tower
26:57 Scout Tower
27:00 Arcane Tower
27:00 Guard Tower
30:25 Guard Tower
» items
| Healing Salve | 2 | |
| Scroll of Speed | 2 | |
| Staff of Sanctuary | 3 | |
| Orb of Lightning | 3 | |
| Scroll of Town Portal | 2 | |
| Boots of Speed | 1 | |
| Staff of Teleportation | 1 | |
14 total
lovetoosearch (
orange | 99 APM | 3105 actions | 31:22)
6 Blademaster
2 Wind Walk
3 Critical Strike
1 Bladestorm
» actions
| Assign group hotkey | 28 | |
| Basic commands | 12 | |
| Build / train | 72 | |
| ESC pressed | 1 | |
| Enter build submenu | 48 | |
| Enter hero's abilities submenu | 6 | |
| Give item / drop item | 4 | |
| Right click | 1924 | |
| Select / deselect | 261 | |
| Select group hotkey | 552 | |
| Use ability | 196 | |
3105 total
» units
| Peon | 10 | |
| Troll Batrider | 17 | |
| Blue Dragon | 3 | |
30 total
» upgrades
| Spiked Barricades | 1 | |
| Ranged Weapons | 3 | |
| Liquid Fire | 1 | |
| Reinforced Defenses | 1 | |
| Armor | 3 | |
| Troll Regeneration | 1 | |
10 total
» buildings
| Altar of Storms | 1 | |
| Orc Burrow | 6 | |
| Voodoo Lounge | 2 | |
| War Mill | 1 | |
| Watch Tower | 37 | |
| Stronghold | 1 | |
| Fortress | 3 | |
| Beastiary | 2 | |
| Barracks | 1 | |
54 total
» build order
00:07 Altar of Storms
00:11 Orc Burrow
00:49 Voodoo Lounge
01:11 Voodoo Lounge
02:01 War Mill
02:44 Orc Burrow
03:39 Watch Tower
04:05 Stronghold
04:41 Watch Tower
05:52 Watch Tower
06:55 Fortress
06:55 Fortress
06:55 Fortress
07:01 Watch Tower
07:26 Watch Tower
07:26 Watch Tower
07:51 Watch Tower
07:54 Beastiary
07:55 Beastiary
07:58 Watch Tower
07:58 Watch Tower
07:59 Watch Tower
07:59 Watch Tower
08:00 Watch Tower
08:40 Orc Burrow
08:41 Orc Burrow
09:01 Watch Tower
09:02 Watch Tower
09:09 Watch Tower
13:00 Watch Tower
13:01 Watch Tower
13:56 Watch Tower
13:56 Watch Tower
14:55 Barracks
15:00 Watch Tower
15:01 Watch Tower
20:03 Watch Tower
20:03 Watch Tower
20:04 Watch Tower
20:05 Watch Tower
20:28 Watch Tower
20:29 Watch Tower
20:29 Watch Tower
20:35 Watch Tower
21:32 Watch Tower
21:33 Watch Tower
21:37 Watch Tower
21:43 Watch Tower
21:44 Watch Tower
22:17 Orc Burrow
22:18 Orc Burrow
23:13 Watch Tower
23:14 Watch Tower
23:15 Watch Tower
» items
| Healing Salve | 2 | |
| Lesser Clarity Potion | 8 | |
| Staff of Teleportation | 2 | |
| Boots of Speed | 2 | |
| Orb of Lightning | 2 | |
| Circlet of Nobility | 2 | |
18 total
PermanentWig (
pink | 81 APM | 2549 actions | 31:30)
5 Warden
2 Shadow Strike
3 Blink
» actions
| Assign group hotkey | 14 | |
| Build / train | 64 | |
| ESC pressed | 1 | |
| Enter build submenu | 18 | |
| Enter hero's abilities submenu | 5 | |
| Give item / drop item | 2 | |
| Remove unit from queue | 5 | |
| Right click | 1885 | |
| Select / deselect | 275 | |
| Select group hotkey | 84 | |
| Use ability | 196 | |
2549 total
» units
» upgrades
| Ultravision | 1 | |
| Nature's Blessing | 1 | |
| Well Spring | 1 | |
3 total
» buildings
| Altar of Elders | 1 | |
| Moon Well | 17 | |
| Tree of Ages | 3 | |
| Hunter's Hall | 1 | |
| Tree of Eternity | 1 | |
| Tree of Life | 1 | |
24 total
» build order
00:13 Altar of Elders
00:39 Moon Well
01:51 Moon Well
05:38 Tree of Ages
05:38 Tree of Ages
05:55 Hunter's Hall
07:39 Moon Well
07:40 Moon Well
07:43 Moon Well
07:44 Moon Well
08:48 Tree of Eternity
11:06 Tree of Life
17:51 Moon Well
17:52 Moon Well
17:53 Moon Well
17:54 Moon Well
17:54 Moon Well
17:55 Moon Well
17:58 Moon Well
17:59 Moon Well
18:00 Moon Well
18:02 Moon Well
18:02 Moon Well
» items
| Staff of Teleportation | 2 | |
| Boots of Speed | 2 | |
| Healing Salve | 3 | |
| Lesser Clarity Potion | 6 | |
| Mechanical Critter | 3 | |
| Orb of Lightning | 1 | |
| Scroll of Town Portal | 1 | |
18 total
team 2 (loser)
Dialt (
green | 60 APM | 1898 actions | 31:22)
2 Archmage
1 Summon Water Elemental
1 Brilliance Aura
2 Beastmaster
1 Summon Bear
1 Summon Quilbeast
» actions
| Assign group hotkey | 2 | |
| Basic commands | 9 | |
| Build / train | 80 | |
| Enter build submenu | 37 | |
| Enter hero's abilities submenu | 4 | |
| Remove unit from queue | 2 | |
| Right click | 1198 | |
| Select / deselect | 466 | |
| Select group hotkey | 55 | |
| Use ability | 45 | |
1898 total
» units
| Peasant | 13 | |
| Footman | 5 | |
| Rifleman | 5 | |
| Priest | 4 | |
| Knight | 3 | |
| Spell Breaker | 2 | |
| Sorceress | 3 | |
| Mortar Team | 9 | |
44 total
» upgrades
| Swords | 2 | |
| Plating | 2 | |
| Animal War Training | 1 | |
| Sorceress Training | 2 | |
| Lumber Harvesting | 2 | |
| Priest Training | 2 | |
| Long Rifles | 1 | |
| Gunpowder | 1 | |
| Fragmentation Shards | 1 | |
14 total
» buildings
| Altar of Kings | 1 | |
| Farm | 12 | |
| Barracks | 1 | |
| Scout Tower | 11 | |
| Arcane Tower | 3 | |
| Blacksmith | 1 | |
| Lumber Mill | 1 | |
| Keep | 0 | |
| Arcane Vault | 1 | |
| Arcane Sanctum | 2 | |
| Castle | 1 | |
| Town Hall | 1 | |
| Guard Tower | 7 | |
| Workshop | 2 | |
44 total
» build order
00:05 Altar of Kings
00:12 Farm
00:23 Barracks
00:41 Farm
01:33 Farm
01:52 Scout Tower
02:21 Farm
02:23 Arcane Tower
02:23 Arcane Tower
02:50 Blacksmith
03:15 Farm
04:04 Lumber Mill
04:27 Keep
04:36 Arcane Vault
05:54 Farm
07:59 Arcane Sanctum
08:01 Castle
08:04 Farm
11:54 Farm
11:56 Farm
12:28 Arcane Sanctum
14:07 Town Hall
15:35 Scout Tower
15:58 Farm
16:00 Farm
16:54 Scout Tower
16:57 Scout Tower
17:32 Guard Tower
18:01 Guard Tower
18:04 Scout Tower
18:06 Scout Tower
18:40 Guard Tower
18:43 Scout Tower
19:28 Keep
19:34 Guard Tower
20:05 Scout Tower
20:07 Scout Tower
20:38 Guard Tower
21:37 Workshop
21:45 Workshop
22:07 Arcane Tower
22:32 Farm
23:57 Scout Tower
24:45 Guard Tower
27:33 Scout Tower
30:49 Guard Tower
» items
| Dust of Appearance | 1 | |
| Scroll of Healing | 1 | |
2 total
Goofson (
purple | 92 APM | 2879 actions | 31:16)
3 Far Seer
2 Feral Spirit
1 Chain Lighting
3 Tauren Chieftain
2 War Stomp
1 Endurance Aura
» actions
| Assign group hotkey | 38 | |
| Basic commands | 25 | |
| Build / train | 105 | |
| Enter build submenu | 25 | |
| Enter hero's abilities submenu | 6 | |
| Give item / drop item | 2 | |
| Remove unit from queue | 6 | |
| Right click | 1282 | |
| Select / deselect | 367 | |
| Select group hotkey | 881 | |
| Use ability | 142 | |
2879 total
» units
| Peon | 24 | |
| Grunt | 6 | |
| Raider | 4 | |
| Spirit Walker | 4 | |
| Shaman | 3 | |
| Troll Headhunter/Berserker | 1 | |
| Tauren | 3 | |
| Demolisher | 3 | |
| Kodo Beast | 1 | |
49 total
» upgrades
| Pillage | 1 | |
| Ensnare | 1 | |
| Spirit Walker Training | 2 | |
| Shaman Training | 2 | |
| Armor | 3 | |
| Berserker Strength | 1 | |
| Berserker Upgrade | 1 | |
| Troll Regeneration | 1 | |
| Reinforced Defenses | 1 | |
| Pulverize | 1 | |
| Melee Weapons | 3 | |
| Burning Oil | 1 | |
| Backpack | 1 | |
| Spiked Barricades | 2 | |
| War Drums Damage Increase | 1 | |
22 total
» buildings
| Altar of Storms | 1 | |
| Orc Burrow | 8 | |
| Barracks | 1 | |
| Voodoo Lounge | 1 | |
| Stronghold | 1 | |
| War Mill | 1 | |
| Beastiary | 1 | |
| Spirit Lodge | 1 | |
| Fortress | 1 | |
| Great Hall | 1 | |
| Tauren Totem | 1 | |
| Watch Tower | 7 | |
25 total
» build order
00:08 Altar of Storms
00:14 Orc Burrow
00:37 Barracks
01:31 Orc Burrow
01:52 Voodoo Lounge
03:33 Stronghold
04:29 Orc Burrow
05:22 War Mill
06:00 Beastiary
06:03 Spirit Lodge
07:33 Fortress
07:40 Orc Burrow
08:45 Great Hall
11:50 Orc Burrow
11:53 Orc Burrow
14:01 Tauren Totem
15:03 Watch Tower
15:04 Watch Tower
15:06 Watch Tower
17:24 Watch Tower
17:26 Watch Tower
19:36 Watch Tower
22:10 Watch Tower
22:43 Orc Burrow
25:34 Orc Burrow
» items
| Healing Salve | 3 | |
| Lesser Clarity Potion | 2 | |
| Scroll of Speed | 1 | |
| Potion of Healing | 3 | |
| Scroll of Regeneration | 2 | |
| Orb of Fire | 1 | |
12 total
Sart (
blue | 68 APM | 2129 actions | 31:13)
4 Archmage
2 Summon Water Elemental
2 Brilliance Aura
1 Paladin
1 Holy Light
» actions
| Assign group hotkey | 191 | |
| Basic commands | 1 | |
| Build / train | 134 | |
| Enter build submenu | 44 | |
| Enter hero's abilities submenu | 5 | |
| Remove unit from queue | 3 | |
| Right click | 1125 | |
| Select / deselect | 428 | |
| Select group hotkey | 49 | |
| Use ability | 149 | |
2129 total
» units
| Peasant | 20 | |
| Footman | 13 | |
| Rifleman | 4 | |
| Goblin Zeppelin | 1 | |
| Gryphon Rider | 2 | |
| Dragonhawk Rider | 11 | |
| Blue Dragon Whelp | 5 | |
| Blue Drake | 2 | |
58 total
» upgrades
| Plating | 1 | |
| Swords | 2 | |
| Armor | 1 | |
| Storm Hammers | 1 | |
| Masonry | 2 | |
| Cloud | 1 | |
8 total
» buildings
| Altar of Kings | 1 | |
| Barracks | 1 | |
| Farm | 9 | |
| Arcane Vault | 2 | |
| Scout Tower | 43 | |
| Keep | 1 | |
| Blacksmith | 1 | |
| Arcane Tower | 4 | |
| Lumber Mill | 1 | |
| Gryphon Aviary | 3 | |
| Castle | 1 | |
| Town Hall | 2 | |
| Guard Tower | 21 | |
| Arcane Sanctum | 2 | |
92 total
» build order
00:04 Altar of Kings
00:13 Barracks
00:26 Farm
01:01 Farm
01:32 Farm
02:16 Arcane Vault
03:14 Scout Tower
04:04 Keep
04:07 Blacksmith
04:32 Arcane Tower
04:55 Farm
04:56 Farm
05:34 Lumber Mill
05:57 Farm
08:35 Gryphon Aviary
08:36 Gryphon Aviary
09:19 Castle
09:50 Arcane Tower
09:50 Arcane Tower
11:58 Scout Tower
12:00 Scout Tower
12:01 Scout Tower
12:02 Scout Tower
12:04 Scout Tower
12:22 Farm
12:23 Farm
12:24 Farm
14:35 Town Hall
14:51 Guard Tower
14:55 Scout Tower
15:22 Scout Tower
16:36 Guard Tower
16:41 Guard Tower
16:41 Guard Tower
16:41 Guard Tower
17:25 Guard Tower
19:32 Scout Tower
19:33 Scout Tower
19:34 Scout Tower
19:35 Scout Tower
20:16 Gryphon Aviary
20:28 Arcane Tower
22:06 Scout Tower
22:06 Scout Tower
22:06 Scout Tower
22:10 Guard Tower
22:10 Guard Tower
22:13 Scout Tower
25:43 Town Hall
25:50 Scout Tower
25:51 Scout Tower
25:53 Scout Tower
25:54 Scout Tower
25:55 Scout Tower
26:00 Scout Tower
26:00 Scout Tower
26:01 Scout Tower
26:03 Scout Tower
26:04 Scout Tower
26:05 Scout Tower
26:16 Scout Tower
26:17 Scout Tower
26:30 Guard Tower
26:44 Guard Tower
27:22 Guard Tower
27:28 Scout Tower
27:29 Scout Tower
27:35 Guard Tower
28:09 Guard Tower
28:09 Guard Tower
28:18 Scout Tower
28:28 Arcane Sanctum
28:45 Guard Tower
28:48 Arcane Sanctum
29:07 Arcane Vault
29:15 Guard Tower
29:19 Guard Tower
29:34 Scout Tower
29:35 Scout Tower
29:36 Scout Tower
29:36 Scout Tower
29:37 Scout Tower
29:39 Guard Tower
30:32 Scout Tower
30:33 Scout Tower
30:34 Scout Tower
30:41 Scout Tower
30:42 Scout Tower
30:43 Scout Tower
» items
| Scroll of Regeneration | 4 | |
| Potion of Healing | 1 | |
| Ivory Tower | 3 | |
| Scroll of Healing | 4 | |
| Potion of Lesser Invulnerability | 6 | |
| Dust of Appearance | 1 | |
| Scroll of Protection | 5 | |
24 total
Chat log
(00:14 / All) Dialt: glhf
(00:19 / All) Goofson: gl hf
(21:19 / All) PermanentWig: bad play
(21:23 / All) lovetoosearch: gg
(21:24 / All) iggy_the_fisk: what a goof
(24:00 / Allies) lovetoosearch: wood
(25:01 / Allies) PermanentWig: watching chat if you need source
(25:33 / Allies) PermanentWig: bot drag
(25:34 / Allies) PermanentWig: nice
(25:44 / Allies) lovetoosearch: CAN YOU sentry
(25:51 / Allies) PermanentWig: sure
(26:00 / All) lovetoosearch: lol
(26:33 / All) lovetoosearch: Come On Guy
(26:43 / All) PermanentWig: Goofson
(26:46 / All) PermanentWig: where are you from
(26:53 / All) iggy_the_fisk: Our people spoke of you
(26:57 / All) Goofson: kalimdor
(28:18 / Allies) lovetoosearch: gold
(29:23 / Allies) PermanentWig: nice snipe
(29:54 / All) PermanentWig: GOOFSON
(29:57 / All) PermanentWig: WHERE DO YOU LIVE
(30:00 / All) Goofson: WORST FUCKING GAME
(30:03 / All) Goofson: IN THIS FUCKING WRLD
(30:11 / All) PermanentWig: TELL ME
(30:12 / All) iggy_the_fisk: you know what they say
(30:16 / All) iggy_the_fisk: Bad players, bad games
(31:16 / All) iggy_the_fisk: bYE
(31:18 / All) lovetoosearch: n...no..